[Event "Titled Tuesday Blitz August 16 Late 2022"]
[White "Kamsky, Gata"]
[Black "Boros, Denes"]
[WhiteFideId "2000024"]
[BlackFideId "722340"]
[WhiteElo "2666"]
[BlackElo "2464"]
[Result "1-0"]
[Round "06"]
[TimeControl "180+1"]
[Date "2022.08.16"]
[WhiteClock "0:00:23"]
[BlackClock "0:00:10"]

1. d4 Nc6 2. Nf3 d6 3. c3 e5 4. dxe5 dxe5 5. Qxd8+ Kxd8 6. e4 Bg4 7. Nfd2 Nf6 8. f3 Be6 9. Bc4 Kd7 10. Ke2 g5 11. Rd1 Re8 12. Nf1+ Bd6 13. Bxe6+ Kxe6 14. h3 Nh5 15. Be3 Nf4+ 16. Kf2 h5 17. Ng3 Reg8 18. Nf5 g4 19. fxg4 hxg4 20. h4 g3+ 21. Kf3 Ne7 22. Nxe7 Bxe7 23. Bxf4 exf4 24. Nd2 Rxh4 25. Nb3 c5 26. Na5 Rh5 27. a4 Rc8 28. Nc4 b6 29. Rh1 Rch8 30. Rxh5 Rxh5 31. Rd1 Rh4 32. Na3 Rh5 33. Nb5 c4 34. Kxf4 Rc5 35. Kxg3 a6 36. Nd4+ Ke5 37. Nf3+ Ke6 38. Kf4 f6 39. Nd4+ Kf7 40. Nf5 Ke6 41. Rd5 Rc8 42. Nd4+ Kf7 43. Rd7 Ke8 44. Rb7 Rc5 45. Rxb6 Bd8 46. Rb8 Rh5 47. Ne6 1-0


[Site "https://www.chess.com"]

[Event "Titled Tuesday Blitz August 16 Late 2022"]
[White "Karaev, Seit-Amet"]
[Black "Sarkar, Justin"]
[WhiteFideId "4169549"]
[BlackFideId "2010011"]
[WhiteElo "2272"]
[BlackElo "2076"]
[Result "1-0"]
[Round "06"]
[TimeControl "180+1"]
[Date "2022.08.18"]
[WhiteClock "0:00:00"]
[BlackClock "0:00:00"]

1. e4 b6 2. d4 g6 3. Nc3 Bg7 4. Be3 Bb7 5. f3 e6 6. Qd2 d6 7. O-O-O Nd7 8. h4 h6 9. h5 g5 10. Kb1 a6 11. d5 b5 12. Bd4 Bxd4 13. Qxd4 e5 14. Qd2 Ne7 15. g4 Nc5 16. Nce2 c6 17. dxc6 Nxc6 18. Qxd6 Qxd6 19. Rxd6 Ke7 20. Rd5 Ne6 21. Ng3 Ncd4 22. c3 Nc6 23. Nf5+ Kf6 24. Nd6 Rab8 25. Nxb7 Rxb7 26. Ne2 Rd8 27. Ng3 Nf4 28. Rxd8 Nxd8 29. Kc2 Nde6 30. Nf5 Rc7 31. Nxh6 Nd4+ 32. Kd2 Nxf3+ 33. Ke3 Ne1 34. Nf5 1-0


[Site "https://www.chess.com"]

[Event "Titled Tuesday Blitz August 16 Late 2022"]
[White "Kim, Sergey"]
[Black "Martinez Reyes, Pedro Ramon"]
[WhiteFideId "13700570"]
[BlackFideId "3901807"]
[WhiteElo "2295"]
[BlackElo "2327"]
[Result "0-1"]
[Round "06"]
[TimeControl "180+1"]
[Date "2022.08.18"]
[WhiteClock "0:00:00"]
[BlackClock "0:00:00"]

1. d4 Nf6 2. c4 d6 3. Nc3 Nbd7 4. e4 e5 5. Nge2 Be7 6. d5 O-O 7. Ng3 c6 8. Be2 Qe8 9. O-O c5 10. Nf5 Nb6 11. a4 Bxf5 12. exf5 Nfd7 13. a5 Nc8 14. Ra3 Qd8 15. Ne4 Nf6 16. Ng3 Rb8 17. f4 exf4 18. Bxf4 Nd7 19. Ne4 Nf6 20. Ng3 Nd7 21. Qd2 Bf6 22. Kh1 Re8 23. Nh5 Re4 24. Rg3 Kh8 25. Bd3 Rxf4 26. Nxf4 Be5 27. Rh3 Bxf4 28. Qxf4 f6 29. Be2 Ne5 30. Bh5 Kg8 31. Rg3 Kf8 32. Be2 Qe7 33. Qh4 h6 34. Re3 b6 35. a6 b5 36. cxb5 Nb6 37. Qe4 Qf7 38. Rd1 Ke7 39. b3 Kd8 40. Bc4 Qh5 41. Rf1 Nbd7 42. Rh3 Qf7 43. Rg3 Ke7 44. Be2 Kf8 45. Bc4 Re8 46. Qf4 Nb6 47. h4 Re7 48. Kh2 Qe8 49. Qf2 Nf7 50. Qd2 Re4 51. Rh3 Ne5 52. Qc2 Rd4 53. Qc1 Qh5 54. Qe1 Qg4 55. Qg3 Qh5 56. Qf2 Ng4+ 57. Kg1 Nxf2 58. Rxf2 Nd7 59. Re3 Qd1+ 60. Rf1 Qd2 61. Re6 Rg4 0-1


[Site "https://www.chess.com"]

[Event "Titled Tuesday Blitz August 16 Late 2022"]
[White "Kobo, Ori"]
[Black "Janaszak, Dawid"]
[WhiteFideId "2812320"]
[BlackFideId "1119206"]
[WhiteElo "2420"]
[BlackElo "2165"]
[Result "1-0"]
[Round "06"]
[TimeControl "180+1"]
[Date "2022.08.16"]
[WhiteClock "0:00:06"]
[BlackClock "0:00:04"]

1. c4 Nf6 2. Nc3 g6 3. g3 d5 4. cxd5 Nxd5 5. Bg2 Nxc3 6. bxc3 Bg7 7. Rb1 Nd7 8. h4 h6 9. h5 g5 10. d4 c5 11. e3 Qa5 12. Bd2 Nb6 13. Ne2 Bf5 14. e4 Bg4 15. f3 Bd7 16. O-O O-O 17. Be3 Nc4 18. Bf2 cxd4 19. cxd4 b5 20. Qd3 Rac8 21. f4 g4 22. f5 Rfd8 23. Nf4 Bc6 24. Rfd1 Ne5 25. Qe2 Nf3+ 26. Bxf3 gxf3 27. Qxf3 Qxa2 28. d5 Be8 29. Rbc1 b4 30. Qg4 Kh8 31. Rxc8 Rxc8 32. f6 Bxf6 33. Qxc8 Qa4 34. Rc1 b3 35. Qb8 b2 36. Rb1 Kg7 37. Rxb2 Qd1+ 38. Kg2 Bd7 39. Rb1 Qc2 40. Qb3 Qxe4+ 41. Kg1 Bg4 42. Re1 Qf5 43. Qe3 Bg5 44. Qe4 Qf6 45. Bd4 1-0


[Site "https://www.chess.com"]

[Event "Titled Tuesday Blitz August 16 Late 2022"]
[White "Kolb, Tobias"]
[Black "Stanojoski, Zvonko"]
[WhiteFideId "12992321"]
[BlackFideId "15000257"]
[WhiteElo "2224"]
[BlackElo "2364"]
[Result "1-0"]
[Round "06"]
[TimeControl "180+1"]
[Date "2022.08.18"]
[WhiteClock "0:00:00"]
[BlackClock "0:00:00"]

1. e4 c5 2. Nc3 g6 3. g3 Bg7 4. Bg2 Nc6 5. d3 Rb8 6. Be3 d6 7. Qd2 b5 8. Nf3 b4 9. Nd1 Bg4 10. O-O Nf6 11. h3 Bxf3 12. Bxf3 O-O 13. Bg2 Nd7 14. Bh6 e6 15. Bxg7 Kxg7 16. f4 f5 17. exf5 Nd4 18. fxe6 Nxe6 19. Ne3 Nf6 20. f5 Nd4 21. fxg6 hxg6 22. c3 bxc3 23. bxc3 Ne6 24. Rae1 Qd7 25. Rxf6 Rxf6 26. Ng4 g5 27. Nxf6 Kxf6 28. Bd5 Re8 29. h4 gxh4 30. Qh6+ Kf7 31. Qh7+ 1-0


[Site "https://www.chess.com"]

[Event "Titled Tuesday Blitz August 16 Late 2022"]
[White "Kopczynski, Michal"]
[Black "Averjanov, Alexey"]
[WhiteFideId "1124200"]
[BlackFideId "14109867"]
[WhiteElo "2235"]
[BlackElo "2399"]
[Result "0-1"]
[Round "06"]
[TimeControl "180+1"]
[Date "2022.08.18"]
[WhiteClock "0:00:00"]
[BlackClock "0:00:00"]

1. e4 c6 2. d4 d5 3. e5 Bf5 4. g4 Be4 5. f3 Bg6 6. h4 h5 7. Bd3 Bxd3 8. Qxd3 hxg4 9. fxg4 e6 10. g5 Ne7 11. Bf4 Nf5 12. Nf3 g6 13. Nbd2 c5 14. O-O-O Nc6 15. dxc5 Bxc5 16. Nb3 Be7 17. h5 gxh5 18. Kb1 Qb6 19. a3 O-O-O 20. Bd2 Kb8 21. Bc3 Rc8 22. Qe2 Ng3 23. Qd3 Nxh1 24. Rxh1 a5 25. Ka2 a4 26. Nbd2 Na5 27. g6 fxg6 28. Qxg6 Nc4 29. Nxc4 Rxc4 30. Rxh5 Rxh5 31. Qxh5 Ka7 32. Qe8 Bc5 33. Ng5 d4 34. Bb4 Bxb4 35. Qxa4+ Qa5 36. Qxa5+ Bxa5 37. Nxe6 Rxc2 38. Nxd4 Rh2 39. Kb3 Bc7 40. e6 Rh7 41. Kc4 Kb6 42. Kd5 Rh5+ 43. Ke4 Re5+ 44. Kd3 Kc5 45. b4+ Kd6 46. Kc4 Bb6 47. Nb5+ Kxe6 48. a4 Re4+ 49. Kb3 Rh4 50. a5 Bf2 51. Nc7+ Kd6 52. Nb5+ Kc6 53. Nc3 Be1 54. b5+ Kc5 55. a6 Bxc3 56. a7 Rh8 57. Kxc3 Kxb5 0-1


[Site "https://www.chess.com"]

[Event "Titled Tuesday Blitz August 16 Late 2022"]
[White "Kovacevic, Radmila"]
[Black "Acosta Cruz, Oscar Yosimar"]
[WhiteFideId "933171"]
[BlackFideId "5111269"]
[WhiteElo "2157"]
[BlackElo "2147"]
[Result "0-1"]
[Round "06"]
[TimeControl "180+1"]
[Date "2022.08.18"]
[WhiteClock "0:00:00"]
[BlackClock "0:00:00"]

1. d4 Nf6 2. c4 e6 3. Nc3 Bb4 4. a3 Bxc3+ 5. bxc3 d5 6. c5 O-O 7. Bg5 Nbd7 8. f3 Qe8 9. Rb1 e5 10. Qd2 c6 11. Nh3 h6 12. Bh4 Nh7 13. g4 b6 14. g5 hxg5 15. Nxg5 bxc5 16. Nxh7 Kxh7 17. Rg1 Rh8 18. Bh3 Kg8 19. Qg5 g6 20. Bf5 Nf8 21. Bc2 e4 22. fxe4 dxe4 23. dxc5 Ne6 24. Qf6 Ng7 25. Bb3 Be6 26. Bc2 Bd5 27. c4 Bxc4 28. Rb7 Qe6 29. Rxg6 Qxf6 30. Bxf6 fxg6 31. Rxg7+ Kf8 32. Rc7 Rxh2 33. Bxe4 Rxe2+ 34. Kd1 Rxe4 35. Be7+ Rxe7 36. Rxc6 Rd8+ 37. Kc1 Re2 38. Rxg6 a5 39. Rf6+ Ke7 40. Rf4 Bb3 41. Rf1 Rdd2 42. c6 Kd6 43. c7 Kxc7 44. a4 Kb6 45. Rf6+ Kc5 46. Rf5+ Kb4 47. Rf4+ Ka3 48. Rc4 Rd1# 0-1


[Site "https://www.chess.com"]

[Event "Titled Tuesday Blitz August 16 Late 2022"]
[White "Kravtsiv, Martyn"]
[Black "Potapova, Margarita"]
[WhiteFideId "14113147"]
[BlackFideId "14126869"]
[WhiteElo "2694"]
[BlackElo "2225"]
[Result "1-0"]
[Round "06"]
[TimeControl "180+1"]
[Date "2022.08.16"]
[WhiteClock "0:00:20"]
[BlackClock "0:00:03"]

1. e4 c5 2. Nf3 d6 3. Bb5+ Nd7 4. d4 cxd4 5. Qxd4 a6 6. Bxd7+ Bxd7 7. O-O e5 8. Qd3 h6 9. a4 Nf6 10. Re1 Be7 11. c4 O-O 12. Nc3 Be6 13. b3 Rc8 14. h3 Qc7 15. Be3 Rfd8 16. a5 Qb8 17. Bb6 Re8 18. Nd2 Bd8 19. Na4 Nd7 20. Bxd8 Rexd8 21. Qe3 Nc5 22. Nb6 Rc7 23. Nf1 Bd7 24. Ng3 Be6 25. Rad1 Rc6 26. Nh5 Kh8 27. Rd2 Nd7 28. Qg3 g6 29. Nxd7 Rxd7 30. Nf6 Rd8 31. Red1 Qc7 32. f4 exf4 33. Qxf4 Kg7 34. Nd5 Bxd5 35. Rxd5 Re8 36. Rxd6 Rxd6 37. Rxd6 Qe7 38. Rb6 Rd8 39. Kh2 Rd1 40. e5 Qc5 41. Rd6 Qg1+ 42. Kg3 Qe1+ 43. Kg4 Qe2+ 44. Qf3 Qxe5 45. Qxd1 Qg5+ 46. Kf3 Qf5+ 47. Ke2 Qe4+ 48. Kf1 Qf4+ 49. Kg1 Qe3+ 50. Kh1 Qg3 51. Qd4+ Kh7 52. Qd2 Qe5 53. Rd7 Qa1+ 54. Kh2 Qe5+ 55. g3 Kg8 56. Qf2 f5 57. Rxb7 Qe4 58. Rb8+ 1-0


[Site "https://www.chess.com"]

[Event "Titled Tuesday Blitz August 16 Late 2022"]
[White "Krzywda, Andrzej"]
[Black "Rytenko, Vsevolod"]
[WhiteFideId "1114565"]
[BlackFideId "14133040"]
[WhiteElo "2098"]
[BlackElo "2120"]
[Result "1-0"]
[Round "06"]
[TimeControl "180+1"]
[Date "2022.08.18"]
[WhiteClock "0:00:00"]
[BlackClock "0:00:00"]

1. e4 c5 2. Nc3 d6 3. f4 Nf6 4. Nf3 Nc6 5. Bb5 Bd7 6. a4 a6 7. Bxc6 Bxc6 8. d3 d5 9. e5 d4 10. exf6 dxc3 11. fxg7 Bxg7 12. b3 Qd6 13. Qe2 O-O-O 14. Ba3 Qxf4 15. O-O Bd4+ 16. Nxd4 Qxd4+ 17. Qf2 Rhg8 18. g3 Qd5 19. Qf5+ Kb8 20. Qxd5 Bxd5 21. Bxc5 Rd7 22. Rae1 Re8 23. Bb4 Ka8 24. Re5 e6 25. Rh5 f5 26. Rf4 Rc8 27. Rfh4 Rcc7 28. Ba5 Rc5 29. Bb4 Rcc7 30. Ba5 Rc6 31. Rxh7 Rxh7 32. Rxh7 b6 33. Bb4 Bxb3 34. Rh8+ Kb7 35. Rh7+ Kc8 36. Rh8+ Kd7 37. Rh7+ Ke8 38. cxb3 c2 39. Bd2 Rc3 40. Kf2 Rxd3 41. Bf4 e5 42. Bg5 f4 43. Rc7 Rd2+ 44. Kf3 Rxh2 45. gxf4 exf4 46. Bxf4 Rh3+ 47. Ke4 Rxb3 48. Rxc2 Rb4+ 49. Kf5 Rxa4 50. Rc6 Rb4 51. Be5 Kd7 52. Rc7+ Kd8 53. Ke6 Rh4 54. Rc6 Re4 55. Rxb6 Re1 56. Rb8# 1-0


[Site "https://www.chess.com"]

[Event "Titled Tuesday Blitz August 16 Late 2022"]
[White "Lagowski, Patryk"]
[Black "Ribeiro, Matheus Mendes Domingues"]
[WhiteFideId "1114611"]
[BlackFideId "324226923"]
[WhiteElo "2274"]
[BlackElo "2047"]
[Result "1-0"]
[Round "06"]
[TimeControl "180+1"]
[Date "2022.08.18"]
[WhiteClock "0:00:00"]
[BlackClock "0:00:00"]

1. d4 e6 2. c4 d5 3. Nc3 Nf6 4. Nf3 Be7 5. g3 O-O 6. Bg2 b6 7. O-O Bb7 8. cxd5 exd5 9. Ne5 c5 10. Bg5 Nc6 11. Bxf6 Bxf6 12. Nxc6 Bxc6 13. dxc5 Bxc3 14. bxc3 bxc5 15. c4 Qf6 16. cxd5 Bb5 17. Rc1 Rac8 18. Re1 Rfd8 19. e4 Qd4 20. Qxd4 cxd4 21. Rxc8 Rxc8 22. Rd1 d3 23. Bf1 d2 24. Bxb5 1-0


[Site "https://www.chess.com"]

[Event "Titled Tuesday Blitz August 16 Late 2022"]
[White "Lamaze, Simon"]
[Black "Amburgy, Ryan"]
[WhiteFideId "36069264"]
[BlackFideId "30924820"]
[WhiteElo "2131"]
[BlackElo "2066"]
[Result "0-1"]
[Round "06"]
[TimeControl "180+1"]
[Date "2022.08.18"]
[WhiteClock "0:00:00"]
[BlackClock "0:00:00"]

1. d4 Nf6 2. c4 e6 3. g3 d5 4. Nf3 Bb4+ 5. Bd2 Bd6 6. Nc3 O-O 7. Qc2 Nbd7 8. e4 dxe4 9. Nxe4 Nxe4 10. Qxe4 Nf6 11. Qh4 Bd7 12. Bd3 Be7 13. g4 g6 14. Qg3 Bc6 15. Bc3 Ne4 16. Bxe4 Bxe4 17. Qf4 f5 18. h4 Bd6 19. Qe3 fxg4 20. Qxe4 gxf3 21. Qxe6+ Rf7 22. O-O-O Qe7 23. Qg4 Qd7 24. Qe4 Bf4+ 25. Kc2 Qf5 26. Qxf5 Rxf5 27. Rh3 Bd6 28. d5 Re8 29. Re1 Rxe1 30. Bxe1 Bc5 31. Kd3 Re5 32. Bd2 Bxf2 33. Rxf3 Bxh4 34. b4 Bg5 35. Bc3 Rf5 36. Rg3 Kf7 37. a4 Bf6 38. Bd4 Bxd4 39. Kxd4 h5 40. a5 h4 41. Rh3 g5 42. Kc5 Kg6 43. a6 bxa6 44. Kc6 Rf7 45. Re3 g4 46. Re8 h3 47. Rg8+ Kf5 48. Rh8 Kf4 49. c5 Kg3 50. Rc8 h2 51. Rxc7 Rxc7+ 52. Kxc7 h1=Q 53. d6 Qh7+ 54. d7 Kf3 55. Kc8 Qf5 56. c6 g3 57. Kb8 Qe5+ 58. c7 Qb5+ 59. Kc8 g2 60. d8=Q g1=Q 61. Qf8+ Ke2 62. Qe7+ Qe3 63. Qd6 Qee8+ 64. Qd8 Qbd7+ 65. Kb7 Qexd8 0-1


[Site "https://www.chess.com"]

[Event "Titled Tuesday Blitz August 16 Late 2022"]
[White "Leenhouts, Koen"]
[Black "Koepke, Christian"]
[WhiteFideId "1008439"]
[BlackFideId "4655737"]
[WhiteElo "2409"]
[BlackElo "2188"]
[Result "1-0"]
[Round "06"]
[TimeControl "180+1"]
[Date "2022.08.18"]
[WhiteClock "0:00:00"]
[BlackClock "0:00:00"]

1. e4 c6 2. d4 d5 3. e5 Bf5 4. Nc3 Qb6 5. Bd3 Bxd3 6. Qxd3 e6 7. Nce2 Qa6 8. Qxa6 Nxa6 9. Nf3 c5 10. c3 Ne7 11. dxc5 Nxc5 12. Ned4 a6 13. Ke2 Rc8 14. Be3 Nc6 15. Rhd1 Nd7 16. Bf4 Bc5 17. Nxc6 bxc6 18. Be3 a5 19. Bxc5 Nxc5 20. b4 Ne4 21. Rdc1 Kd7 22. Nd2 Nxd2 23. Kxd2 c5 24. b5 a4 25. c4 d4 26. Kd3 Kc7 27. Re1 Kb6 28. Re4 Rce8 29. Rae1 Re7 30. Rg4 f6 31. exf6 gxf6 32. Rf4 Rf8 33. g4 h6 34. h4 e5 35. Rf5 Re6 36. f3 Rg8 37. Rh5 Rg6 38. Ke4 Rd6 39. Rd1 Ka5 40. a3 Kb6 41. Rd3 Kc7 42. Kf5 Rg7 43. Rxh6 Rf7 44. h5 Kd7 45. Rg6 Ke7 46. Ke4 Rh7 47. Rd1 Ke6 48. g5 Rxh5 49. Rxf6+ Ke7 50. Rxd6 Kxd6 51. Rg1 Rh4+ 52. Rg4 Rh1 53. g6 Rh8 54. g7 Rg8 55. Rg6+ Ke7 56. b6 Kf7 57. Rg4 d3 58. Kxd3 Rd8+ 59. Ke3 Kg8 60. b7 Rb8 61. Ke4 Rxb7 62. Kxe5 Rb3 63. f4 Rxa3 64. f5 Re3+ 65. Kf6 a3 66. Rh4 Rh3 67. Rxh3 a2 68. Rh8# 1-0


[Site "https://www.chess.com"]

[Event "Titled Tuesday Blitz August 16 Late 2022"]
[White "Lehtosaari, Mauri"]
[Black "Novikova, Galina"]
[WhiteFideId "501999"]
[BlackFideId "4157095"]
[WhiteElo "2200"]
[BlackElo "1923"]
[Result "1-0"]
[Round "06"]
[TimeControl "180+1"]
[Date "2022.08.18"]
[WhiteClock "0:00:00"]
[BlackClock "0:00:00"]

1. d4 e6 2. Nf3 f5 3. Bf4 Nf6 4. e3 Be7 5. Be2 O-O 6. O-O d6 7. h3 Qe8 8. c4 Bd8 9. Bh2 Nc6 10. Nc3 e5 11. c5 e4 12. Nd2 Be7 13. b4 Kh8 14. a3 a6 15. Nc4 d5 16. Ne5 Nxe5 17. Bxe5 c6 18. a4 Nd7 19. Bh2 g5 20. f4 gxf4 21. Bxf4 Bf6 22. Bh5 Qe7 23. Qe2 Rg8 24. b5 Bg5 25. Bd6 Qf6 26. bxc6 bxc6 27. Rab1 Qh6 28. Nd1 Nf6 29. Be5 Be6 30. Rb6 Rg7 31. Rxc6 Nxh5 32. Rxe6 Qxe6 33. Qxh5 Rg8 34. Qxg5 Qf7 35. Rxf5 Qb7 36. Bxg7+ Rxg7 37. Rf8+ Rg8 38. Qxg8# 1-0


[Site "https://www.chess.com"]

[Event "Titled Tuesday Blitz August 16 Late 2022"]
[White "Leitao, Rafael"]
[Black "Bodnar, Nikolay"]
[WhiteFideId "2101246"]
[BlackFideId "14106469"]
[WhiteElo "2609"]
[BlackElo "2283"]
[Result "0-1"]
[Round "06"]
[TimeControl "180+1"]
[Date "2022.08.16"]
[WhiteClock "0:00:08"]
[BlackClock "0:00:41"]

1. c4 c5 2. Nf3 Nc6 3. e3 Nf6 4. Nc3 g6 5. d4 cxd4 6. exd4 d5 7. cxd5 Nxd5 8. Qb3 Nxc3 9. Bc4 Nd5 10. Bxd5 e6 11. Bxc6+ bxc6 12. O-O Qd5 13. Qc3 f6 14. Be3 g5 15. Nd2 Bb7 16. f3 Rg8 17. Ne4 Kf7 18. Nc5 Bxc5 19. dxc5 Rad8 20. Rf2 Ba6 21. Rd2 Qc4 22. Rc1 Qxc3 23. Rxc3 Rxd2 24. Bxd2 Rd8 25. Be1 Rd1 26. Kf2 Rb1 27. Rc2 Bd3 28. Rd2 Bc4 29. Rd7+ Kg6 30. b3 Bd5 31. Rxa7 Rb2+ 32. Kg1 g4 33. fxg4 Rxg2+ 34. Kf1 Rxh2 35. Ra4 e5 36. Bf2 Rh1+ 37. Ke2 Rb1 38. Ra7 Rb2+ 39. Ke3 h6 40. a4 Rxb3+ 41. Kd2 Rb2+ 42. Ke3 Rb4 43. a5 Rxg4 44. a6 Ra4 45. Ra8 Kf5 46. a7 Ra3+ 47. Kd2 Ke4 48. Be3 Ra2+ 49. Kc3 Kxe3 0-1


[Site "https://www.chess.com"]

[Event "Titled Tuesday Blitz August 16 Late 2022"]
[White "Leiva, Gianmarco"]
[Black "Wadsworth, Matthew J"]
[WhiteFideId "3804399"]
[BlackFideId "415804"]
[WhiteElo "2323"]
[BlackElo "2294"]
[Result "0-1"]
[Round "06"]
[TimeControl "180+1"]
[Date "2022.08.16"]
[WhiteClock "0:00:01"]
[BlackClock "0:00:07"]

1. e4 c5 2. Nf3 e6 3. c3 d5 4. exd5 Qxd5 5. d4 Nf6 6. Na3 Qd8 7. Be3 cxd4 8. Nxd4 Bxa3 9. Qa4+ Bd7 10. Qxa3 Qe7 11. Qb3 Bc6 12. Nxc6 Nxc6 13. Be2 O-O 14. O-O Nd5 15. Bd2 f5 16. Rfe1 Rad8 17. Bf3 Qf6 18. Qxb7 Ne5 19. Bxd5 Rxd5 20. Be3 Ng4 21. Bd4 Rxd4 22. cxd4 Qh4 23. Qc7 Qxf2+ 24. Kh1 Qxd4 25. h3 Nf2+ 26. Kh2 Rf6 27. Rad1 Nxd1 28. Qc8+ Kf7 29. Qc7+ Kg6 30. Qg3+ Kh6 31. Qb3 Nf2 32. Rxe6 Ne4 33. Rxf6+ Nxf6 34. Qb7 f4 35. b4 Qf2 36. a4 Qg3+ 37. Kh1 Qe1+ 38. Kh2 g5 39. Qxa7 Qxb4 40. Qf7 Qd4 41. Qe6 Kg6 42. a5 h5 43. a6 g4 44. hxg4 hxg4 45. a7 Qxa7 46. Qe5 Qf2 47. Kh1 Qh4+ 48. Kg1 Qg3 49. Kh1 Qe3 50. Qb5 Qe4 51. Qc5 g3 52. Kg1 Qe1# 0-1


[Site "https://www.chess.com"]

[Event "Titled Tuesday Blitz August 16 Late 2022"]
[White "Lenderman, Aleksandr"]
[Black "Andreikin, Dmitry"]
[WhiteFideId "2021285"]
[BlackFideId "4158814"]
[WhiteElo "2607"]
[BlackElo "2736"]
[Result "0-1"]
[Round "06"]
[TimeControl "180+1"]
[Date "2022.08.16"]
[WhiteClock "0:00:32"]
[BlackClock "0:00:36"]

1. e4 c5 2. c3 d5 3. exd5 Qxd5 4. d4 Nf6 5. Nf3 e6 6. Bd3 Be7 7. O-O O-O 8. dxc5 Qxc5 9. Qe2 Nbd7 10. Nbd2 b6 11. Ne4 Qc7 12. Bg5 Bb7 13. Rad1 Rad8 14. Rfe1 Rfe8 15. Nxf6+ Bxf6 16. Bxf6 Nxf6 17. Ne5 h6 18. Bc2 Rxd1 19. Rxd1 Rd8 20. Rxd8+ Qxd8 21. Bb3 Qd6 22. h3 Ne4 23. Nf3 Qf4 24. Qe3 Qxe3 25. fxe3 Kf8 26. Bc2 Ke7 27. Nd4 f5 28. Bb3 Nc5 29. Bc4 Kf6 30. b4 Ne4 31. Bxe6 Nxc3 32. Bxf5 Nxa2 33. b5 a5 34. bxa6 Bxa6 35. Kf2 Nc3 36. Bc2 Bb7 37. Bd3 Ne4+ 38. Kg1 Nc3 39. Kf2 Nd1+ 40. Ke2 Nb2 41. e4 Nxd3 42. Kxd3 Ke5 43. Ke3 Bxe4 44. g3 Bf5 45. h4 Bd7 46. Nc2 Kd5 47. Nb4+ Kc4 48. Nd3 Kc3 49. Ne5 Be8 50. Nf3 b5 51. Nd4 b4 52. Ne2+ Kc4 53. Kd2 b3 54. Kc1 Bf7 55. Kb2 Kd3 56. Nf4+ Ke4 0-1


[Site "https://www.chess.com"]

[Event "Titled Tuesday Blitz August 16 Late 2022"]
[White "Liu, Casper"]
[Black "Winkels, Marcel"]
[WhiteFideId "1454153"]
[BlackFideId "1003887"]
[WhiteElo "2025"]
[BlackElo "1900"]
[Result "1-0"]
[Round "06"]
[TimeControl "180+1"]
[Date "2022.08.18"]
[WhiteClock "0:00:00"]
[BlackClock "0:00:00"]

1. e4 c5 2. Nf3 d6 3. Bb5+ Bd7 4. Bxd7+ Nxd7 5. b3 Ngf6 6. Qe2 e6 7. Bb2 Be7 8. Nc3 O-O 9. O-O-O a6 10. g4 Qc7 11. g5 Nh5 12. h4 b6 13. Rdg1 Ne5 14. Nxe5 Nf4 15. Qf3 dxe5 16. Ne2 Nxe2+ 17. Qxe2 b5 18. h5 Rfd8 19. g6 fxg6 20. hxg6 h6 21. Qh5 Bf6 22. f4 c4 23. fxe5 Be7 24. Qg4 Qd7 25. Rg2 Rf8 26. Kb1 cxb3 27. axb3 a5 28. d4 Qc8 29. Bc1 a4 30. Bxh6 axb3 31. Bc1 Ra1+ 32. Kxa1 Qa8+ 33. Kb2 Qa2+ 34. Kc3 Rc8+ 35. Kd3 b2 36. Rh8+ Kxh8 37. Qh5+ Kg8 38. Qh7+ Kf8 39. Qh8# 1-0


[Site "https://www.chess.com"]

[Event "Titled Tuesday Blitz August 16 Late 2022"]
[White "Lopez Perdomo, Juan David"]
[Black "Kujawski, Adam"]
[WhiteFideId "4405137"]
[BlackFideId "1100920"]
[WhiteElo "1965"]
[BlackElo "1972"]
[Result "0-1"]
[Round "06"]
[TimeControl "180+1"]
[Date "2022.08.18"]
[WhiteClock "0:00:00"]
[BlackClock "0:00:00"]

1. e4 e5 2. Nf3 Nc6 3. Bb5 a6 4. Ba4 Nf6 5. d3 b5 6. Bb3 Bc5 7. h3 d6 8. c3 Be6 9. Bxe6 fxe6 10. Qb3 Qd7 11. a4 Rb8 12. axb5 axb5 13. Ra6 O-O 14. Rxc6 Qxc6 15. Qxe6+ Kh8 16. Nxe5 Bxf2+ 17. Kxf2 Ng4+ 18. Kg3 Nxe5 19. Rd1 Rbe8 20. Qd5 Qd7 21. Bf4 c6 22. Qa2 Ng6 23. Rf1 Qe7 0-1


[Site "https://www.chess.com"]

[Event "Titled Tuesday Blitz August 16 Late 2022"]
[White "Lorenzo De La Riva, Lazaro"]
[Black "Hoffmann, Asa"]
[WhiteFideId "2268809"]
[BlackFideId "2001470"]
[WhiteElo "2325"]
[BlackElo "2117"]
[Result "1-0"]
[Round "06"]
[TimeControl "180+1"]
[Date "2022.08.18"]
[WhiteClock "0:00:00"]
[BlackClock "0:00:00"]

1. d4 Nf6 2. Nc3 d6 3. e4 c6 4. Nge2 Nbd7 5. g3 e5 6. Bg2 Be7 7. O-O b5 8. a3 a6 9. h3 Qc7 10. f4 Bb7 11. g4 h6 12. Kh1 O-O-O 13. d5 c5 14. b4 cxb4 15. axb4 Kb8 16. Be3 Rc8 17. Nxb5 Qxc2 18. Na7 Qxd1 19. Rfxd1 Rc2 20. Bf1 exf4 21. Nc6+ Bxc6 22. dxc6 Rxc6 23. Bxf4 Nxe4 24. Nd4 Rb6 25. Rdb1 Kb7 26. Bg2 d5 27. Nf5 Bxb4 28. Ne3 Ndf6 29. Nxd5 Nxd5 30. Bxe4 Rd8 31. Rd1 Rb5 32. Bg3 a5 33. Rd3 Kc6 34. Rc1+ Rc5 35. Rcd1 a4 36. Rd4 Bc3 37. Rxa4 Rb8 38. Bf2 Rb4 39. Rxb4 Bxb4 40. Bxc5 Bxc5 41. Rxd5 1-0


[Site "https://www.chess.com"]

[Event "Titled Tuesday Blitz August 16 Late 2022"]
[White "Melikhov, Evgeny V."]
[Black "Baches Garcia, Guillermo"]
[WhiteFideId "4122046"]
[BlackFideId "2209764"]
[WhiteElo "1963"]
[BlackElo "2326"]
[Result "1/2-1/2"]
[Round "06"]
[TimeControl "180+1"]
[Date "2022.08.18"]
[WhiteClock "0:00:00"]
[BlackClock "0:00:00"]

1. d4 Nf6 2. c4 e6 3. Nc3 d5 4. cxd5 Nxd5 5. e4 Nxc3 6. bxc3 c5 7. Nf3 cxd4 8. cxd4 Bb4+ 9. Bd2 Bxd2+ 10. Qxd2 O-O 11. Bd3 Nc6 12. Bc2 Qe7 13. O-O Rd8 14. Rad1 e5 15. d5 Bg4 16. Qe3 Bxf3 17. Qxf3 Nd4 18. Qd3 Rac8 19. Bb3 Rc3 20. Qd2 Rdc8 21. h3 Rxh3 22. Rc1 Rd8 23. f3 Rg3 24. Kf2 Qh4 25. Rh1 Rxf3+ 26. Kg1 Qg4 27. Bd1 Qg6 28. Qa5 b6 29. Qxa7 Rg3 30. Rh2 Qg5 31. Qc7 Qe3+ 32. Kf1 Qf4+ 33. Kg1 Rf8 34. Rc3 Re3 35. Bf3 Re1+ 36. Kf2 Qd2+ 37. Kg3 Ne2+ 38. Bxe2 Rxe2 39. Qxe5 Qe1+ 40. Kh3 Rxe4 41. Qg3 Qe2 42. Qf3 Qe1 43. Qg3 Qe2 44. Qf3 Qe1 45. Qg3 1/2-1/2


[Site "https://www.chess.com"]

[Event "Titled Tuesday Blitz August 16 Late 2022"]
[White "Melikyan, Gnel"]
[Black "Vasquez Schroeder, Rodrigo"]
[WhiteFideId "54109990"]
[BlackFideId "3400042"]
[WhiteElo "1772"]
[BlackElo "2567"]
[Result "1/2-1/2"]
[Round "06"]
[TimeControl "180+1"]
[Date "2022.08.16"]
[WhiteClock "0:00:13"]
[BlackClock "0:00:13"]

1. e4 c5 2. Nf3 d6 3. d4 cxd4 4. Nxd4 Nf6 5. Nc3 Nc6 6. Bc4 Qb6 7. Nb3 e6 8. Bf4 Ne5 9. Bb5+ Bd7 10. Bxd7+ Nfxd7 11. Qd4 Qxd4 12. Nxd4 a6 13. O-O-O O-O-O 14. Bg3 g5 15. f3 Be7 16. Kb1 b5 17. Nce2 Kb7 18. Nc1 Rc8 19. Nd3 Bf6 20. Nxe5 Nxe5 21. Ne2 Nc4 22. c3 Rhd8 23. Rd3 Be5 24. Rhd1 Kc7 25. b3 Bxg3 26. hxg3 Ne5 27. R3d2 h6 28. Kb2 Rd7 29. Rh1 Rh8 30. Rh5 Rdd8 31. Rd1 Rh7 32. Nd4 Nd7 33. Rdh1 Rdh8 34. g4 Nf6 35. R5h2 d5 36. exd5 Nxd5 37. g3 Kd6 38. Rd1 Ke5 39. Re2+ Kf6 40. Rh1 h5 41. Reh2 h4 42. gxh4 Rxh4 43. Rxh4 Rxh4 44. Re1 e5 45. Nc2 Rh2 46. a3 Ke6 47. c4 bxc4 48. bxc4 Nb6 49. Kb3 Nxc4 50. Nd4+ Kd5 51. Nf5 Nd2+ 52. Kc3 Nxf3 53. Rd1+ Ke4 54. Rd7 f6 55. Rd6 Kf4 56. Rxf6 Kxg4 57. Ne3+ Kg3 58. Nf1+ Kg2 59. Nxh2 Nxh2 60. Rf5 g4 61. Rxe5 g3 62. Re6 Nf3 63. Rxa6 Kf2 64. Rg6 g2 65. a4 Ne5 66. Rg5 Nc6 67. Kc4 g1=Q 68. Rxg1 Kxg1 69. Kb5 Nd4+ 70. Kc5 Nb3+ 71. Kb4 Nd4 72. Kc4 Nc6 73. Kc5 Na5 74. Kb5 Nb3 75. a5 Nxa5 1/2-1/2


[Site "https://www.chess.com"]